 Dungeon Crawl Stone Soup version 0.21.1-1-g345015f (webtiles) character file.

176 toucherabbit the Insei (level 5, -11/46 HPs)
             Began as a Draconian Monk on Mar 16, 2018.
             Shot with an arrow by a centaur (16 damage)
             ... on level 5 of the Dungeon.
             The game lasted 00:04:24 (2801 turns).

toucherabbit the Insei (Draconian Monk)             Turns: 2801, Time: 00:04:24

Health: -11/46     AC:  5    Str: 14    XL:     5   Next: 30%
Magic:  6/6        EV: 14    Int: 10    God:
Gold:   122        SH:  0    Dex: 14    Spells: 4/5 levels left

rFire    . . .     SeeInvis .     - Unarmed
rCold    . . .     Gourm    .   (no shield)
rNeg     . . .     Faith    .   (armour unavailable)
rPois    .         Spirit   .   (helmet restricted)
rElec    .         Reflect  .   (no cloak)
rCorr    .         Harm     .   (no gloves)
MR       .....                  (no boots)
Stlth    ++........             (no amulet)
HPRegen  0.15/turn              (no ring)
MPRegen  0.10/turn              (no ring)

@: no status effects
A: unfitting armour, cold-blooded, AC +5
a: no special abilities


You were on level 5 of the Dungeon.
You were hungry.

You visited 1 branch of the dungeon, and saw 5 of its levels.

You collected 122 gold pieces.

Inventory:

Scrolls
 b - 2 scrolls of identify {unknown}
 c - 2 scrolls of fear {unknown}
 d - 5 scrolls of remove curse {unknown}
 g - a scroll of blinking {unknown}
 k - a scroll of enchant weapon {unknown}
 l - a scroll of amnesia {unknown}
Potions
 f - a potion of brilliance {unknown}
 h - a potion of ambrosia {unknown}
 i - a potion of heal wounds {unknown}
 j - a potion of flight {unknown}
Books
 e - a book of Cantrips

   Spells                             Type                      Level
   a - Confusing Touch                Hexes                        1
   b - Animate Skeleton               Necromancy                   1
   c - Summon Small Mammal            Summoning                    1
   d - Apportation                    Translocation                1
Comestibles
 a - 3 rations


   Skills:
 + Level 3.8 Fighting
 + Level 3.6 Dodging
 + Level 2.6 Stealth
 + Level 4.3 Unarmed Combat
 + Level 0.8 Spellcasting
 + Level 0.8 Hexes


You had 4 spell levels left.
You knew the following spells:

 Your Spells              Type           Power        Failure   Level  Hunger
a - Confusing Touch       Hex            #.....       26%         1    ##.....


Dungeon Overview and Level Annotations

Branches:
Dungeon (6/15)
 Temple: D:4-7

Altars:
Sif Muna


Innate Abilities, Weirdness & Mutations

Your plain brown scales are hard. (AC +5)
You cannot fit into any form of body armour.
You are cold-blooded and may be slowed by cold attacks.


Message History

The bullfrog skeleton is heavily damaged.
You hit the bullfrog skeleton.
The bullfrog skeleton is heavily damaged.
You hit the bullfrog skeleton.
You destroy the bullfrog skeleton!
You start resting.
You are feeling hungry.
You start resting.
Magic restored.
You start resting.
The centaur wields a shortbow.
The centaur shoots an arrow.
The arrow hits you!
Things that are here:
an arrow; an adder corpse The centaur shoots an arrow.
The arrow hits you!
* * * LOW HITPOINT WARNING * * *
The centaur shoots an arrow.
The arrow hits you.
* * * LOW HITPOINT WARNING * * *
You see here 2 arrows.
The centaur shoots an arrow.
The arrow hits you!
You die...

###### .# #######..... .#
#.....#.###. .# #.###.#..##.
.# #.........## # .#
.#..###.....# ###.
###.##.#..#....#..#
#...######..(...#..#.#.....#
#......#.@....#.>#.......#
#./......._...#.......#...
#.......(.....#.###...#.##
#......(............#.#...
#.c...........##.##.#.#.#.
.....#.............## #.#.
......#.........############.
.....(#...###.....†..........
..### #...# #.#.#############


You could see a centaur.

Vanquished Creatures
  A bullfrog skeleton (D:5)
  Jessica (D:3)
  Terence (D:3)
  A worker ant (D:5)
  2 adders
  2 worms (D:2)
  2 dart slugs (D:2)
  A leopard gecko (D:1)
  An orc (D:3)
  2 giant cockroaches
  6 goblins
  11 hobgoblins
  4 quokkas
  4 bats
  2 frilled lizards
  A kobold (D:1)
  6 rats
48 creatures vanquished.

Notes
Turn   | Place    | Note
-------+----------+-------------------------------------------
     0 | D:1      | toucherabbit the Draconian Monk began the quest for the Orb.
     0 | D:1      | Reached XP level 1. HP: 19/19 MP: 1/1
   395 | D:1      | Reached XP level 2. HP: 25/26 MP: 2/2
  1204 | D:2      | Reached XP level 3. HP: 13/33 MP: 3/3
  1589 | D:2      | Learned a level 1 spell: Confusing Touch
  2260 | D:3      | Noticed Jessica
  2262 | D:3      | Noticed Terence
  2276 | D:3      | Killed Jessica
  2276 | D:3      | Reached XP level 4. HP: 40/40 MP: 1/4
  2309 | D:3      | Killed Terence
  2309 | D:3      | Reached skill level 4 in Unarmed Combat
  2446 | D:3      | You fall through a shaft for 3 floors!
  2461 | D:5      | Entered Level 5 of the Dungeon
  2504 | D:5      | Reached XP level 5. HP: 24/46 MP: 5/5
  2728 | D:5      | Found a deep blue altar of Sif Muna.
  2740 | D:5      | Noticed a centaur
  2801 | D:5      | Shot with an arrow by a centaur

Skill      XL: |  1  2  3  4 |
---------------+-------------+-----
Dodging        | 3 |  3.6
Stealth        | 2 |  2.6
Unarmed Combat | 4 |  4.3
Fighting       | |  3.8
Spellcasting   | |  0.8
Hexes          | |  0.8

Action                   |  1- 3 |  4- 6 || total
-------------------------+-------+-------++-------
Melee: Unarmed           |   126 |    62 ||   188
       Tailslap          |    17 |    13 ||    30
       Punch             |     2 |     2 ||     4
 Cast: Confusing Touch   |     5 |     4 ||     9
 Stab: Sleeping          |     5 |       ||     5
       Confused          |     1 |     5 ||     6
  Eat: Chunk             |     4 |     2 ||     6
Armor: Skin              |    21 |    11 ||    32
Dodge: Dodged            |    69 |    28 ||    97
